Map: Data-C

Players

GuMiho

  • Race: Terran Terran
  • League: Master
  • Spawn Location: 3:00

Maru - Winner!

  • Race: Terran Terran
  • League: Master
  • Spawn Location: 9:00

VOD

Have the link to the VOD?

Description

Time

  • Played on: Nov. 3, 2022, 7:47 a.m.
  • Length: 10:36
Show
View Real Time Build Order
Export as new Build Order

GuMiho Terran 

Build Orders: Cyclone Opening 

Get SALT Encoding   

  12  0:00  SCV  
  13  0:12  SCV  
  14  0:17  Supply Depot  
  14  0:24  SCV  
  15  0:38  SCV  
  15  0:40  Barracks  
  16  0:44  Refinery  
  16  0:50  SCV  
  16  0:52  Refinery  
  17  1:02  SCV  
  18  1:14  SCV  
  19  1:26  Orbital Command  
  19  1:27  Reaper  
  19  1:31  Supply Depot  
  20  1:41  Factory  
  20  1:52  SCV  
  21  1:59  Reaper  
  22  2:04  SCV  
  23  2:14  Command Center  
  23  2:17  SCV  
  24  2:25  Factory Tech Lab  
  24  2:29  SCV  
  25  2:32  Barracks Reactor  
  25  2:35  Supply Depot  
  25  2:42  SCV  
  26  2:45  Cyclone  
  29  2:54  SCV  
  30  3:10  Marine  
  30  3:11  Marine  
  31  3:13  SCV  
  31  3:17  Starport  
  31  3:21  Cyclone  
  31  3:25  SCV  
  31  3:26  Orbital Command  
  35  3:30  Marine x2  
  35  3:32  Refinery  
  37  3:37  SCV  
  38  3:48  Marine x2  
  38  3:49  SCV  
  38  3:52  SCV  
  38  3:54  Siege Tank  
  45  4:00  Medivac  
  45  4:01  SCV  
  48  4:04  Supply Depot, SCV  
  48  4:08  Supply Depot  
  49  4:11  Marine x2  
  49  4:15  SCV  
  49  4:16  SCV  
  53  4:26  Siege Tank  
  53  4:27  SCV  
  53  4:28  SCV  
  58  4:31  Starport Tech Lab  
  58  4:34  Marine x2  
  60  4:39  Supply Depot, SCV  
  60  4:41  SCV  
  60  4:42  Supply Depot  
  62  4:49  Raven  
  62  4:52  SCV, Marine x2  
  66  4:53  SCV  
  68  5:00  Siege Tank  
  68  5:04  SCV  
  68  5:05  SCV  
  73  5:16  Marine x2  
  73  5:20  Command Center  
  75  5:25  SCV x2  
  77  5:29  Refinery  
  77  5:31  Supply Depot  
  77  5:37  SCV  
  77  5:38  SCV  
  82  5:43  Stimpack  
  82  5:45  Medivac  
  82  5:48  Barracks, Medivac  
  82  5:49  Barracks  
  84  5:50  SCV x2  
  84  5:52  Engineering Bay  
  84  5:56  Engineering Bay, Supply Depot  
  85  6:00  Siege Tank  
  85  6:01  Marine  
  85  6:03  SCV  
  90  6:05  SCV  
  90  6:15  SCV  
  90  6:17  SCV  
  92  6:24  Terran Infantry Armor Level 1, Terran Infantry Weapons Level 1  
  92  6:25  Marine  
  92  6:26  Viking  
  92  6:28  SCV  
  92  6:29  SCV, Viking  
  99  6:34  Barracks Reactor  
  99  6:40  SCV  
  99  6:41  SCV  
  99  6:44  Barracks Reactor  
  102  6:47  Orbital Command  
  102  6:52  SCV  
  101  7:02  SCV  
  101  7:04  SCV  
  101  7:11  Viking x2  
  101  7:14  SCV x2  
  97  7:16  SCV  
  97  7:17  Marine  
  97  7:21  Refinery  
  97  7:22  Refinery, Marine x2  
  96  7:23  Marine x2  
  96  7:24  Barracks  
  96  7:25  Barracks  
  96  7:26  SCV x2  
  96  7:28  SCV  
  101  7:32  Siege Tank  
  101  7:35  Marine  
  105  7:39  SCV x2  
  105  7:40  SCV  
  105  7:42  Supply Depot  
  108  7:44  Supply Depot, Combat Shield, Marine  
  108  7:45  Supply Depot  
  108  7:46  Armory  
  108  7:47  Medivac  
  108  7:48  Marine  
  108  7:49  Marine x2  
  114  7:52  SCV x2  
  114  7:53  SCV  
  117  8:01  Supply Depot x2  
  117  8:02  Supply Depot  
  117  8:06  Siege Tank  
  117  8:07  Marine x4  
  117  8:12  SCV x2  
  126  8:18  Marine  
  128  8:20  Barracks Reactor x2  
  128  8:21  SCV  
  128  8:24  SCV x2, Sensor Tower  
  130  8:28  Marine  
  130  8:29  Marine x2  
  130  8:30  Supply Depot  
  130  8:31  Supply Depot  
  133  8:38  Siege Tank  
  125  8:44  Marine x2  
  125  8:46  Marine x3  
  107  8:57  Marine x4  
  107  9:02  Marine x2  
  113  9:03  Liberator  
  113  9:04  Marine x3  
  119  9:10  Siege Tank, Orbital Command  
  119  9:15  Marine x2  
  124  9:20  Marine x2  
  124  9:22  Marine x3  
  123  9:33  Supply Depot x2, Marine  
  123  9:36  Marine  
  123  9:38  Marine  
  126  9:43  Siege Tank  
  109  9:52  Marine  
  109  9:53  Marine x2  
  109  9:54  Marine x2  
  114  10:00  Barracks Reactor  
  114  10:05  Marine  
  110  10:08  Marine  
  110  10:10  Marine x2  
  110  10:11  Marine  
  93  10:12  Marine  
Show
View Real Time Build Order
Export as new Build Order

Maru Terran - Winner!

Build Orders:  

Get SALT Encoding   

  12  0:00  SCV  
  13  0:12  SCV  
  14  0:17  Supply Depot  
  14  0:24  SCV  
  15  0:38  SCV  
  15  0:40  Barracks  
  16  0:43  Refinery  
  16  0:50  SCV  
  16  0:52  Refinery  
  17  1:03  SCV  
  18  1:15  SCV  
  19  1:27  Reaper, Orbital Command  
  20  1:33  Supply Depot  
  20  1:43  Factory  
  20  1:53  SCV  
  21  2:00  Barracks Reactor  
  21  2:05  SCV  
  22  2:17  SCV  
  23  2:25  Command Center  
  23  2:29  Hellion  
  25  2:31  SCV  
  25  2:37  Reaper x2  
  28  2:41  Supply Depot  
  28  2:44  SCV  
  29  2:53  Starport  
  29  2:57  SCV  
  29  3:09  SCV  
  30  3:17  Factory Tech Lab  
  30  3:19  Marine  
  30  3:21  SCV  
  33  3:29  Refinery  
  33  3:33  SCV  
  34  3:35  Cyclone  
  34  3:38  Orbital Command  
  36  3:44  Starport Tech Lab  
  36  3:45  SCV  
  37  3:57  SCV  
  37  4:01  Command Center  
  38  4:03  SCV  
  38  4:07  Raven  
  41  4:14  SCV  
  41  4:16  Siege Tank  
  45  4:21  Supply Depot  
  45  4:22  SCV  
  46  4:26  SCV, Marine x2  
  47  4:34  SCV  
  47  4:38  SCV  
  49  4:46  SCV  
  49  4:48  Siege Tank  
  49  4:50  SCV, Refinery  
  49  4:52  Supply Depot  
  54  4:55  Raven  
  54  4:58  SCV  
  57  5:02  SCV  
  57  5:06  Marine  
  57  5:07  Marine  
  59  5:08  Barracks x2  
  59  5:10  SCV  
  61  5:15  Orbital Command  
  61  5:17  SCV  
  62  5:23  Siege Tank  
  62  5:24  SCV, Marine  
  67  5:34  Engineering Bay  
  67  5:35  Engineering Bay  
  67  5:36  SCV  
  67  5:39  Raven  
  67  5:42  SCV x2  
  70  5:45  Supply Depot  
  70  5:50  Marine x2  
  70  5:53  SCV  
  70  5:54  SCV x2  
  75  5:57  Siege Tank  
  75  5:58  Barracks Reactor x2  
  78  6:04  Supply Depot  
  78  6:07  Terran Infantry Weapons Level 1  
  78  6:08  Terran Infantry Armor Level 1, Marine x2  
  80  6:16  SCV  
  80  6:18  Barracks  
  81  6:19  Barracks  
  80  6:25  Missile Turret  
  80  6:26  Missile Turret  
  80  6:30  Siege Tank  
  80  6:31  Orbital Command  
  83  6:36  Stimpack, Marine  
  83  6:37  Missile Turret, Marine x3  
  83  6:38  Marine  
  88  6:42  SCV x2  
  90  6:47  Supply Depot  
  90  6:54  SCV x2, Marine  
  89  6:59  Marine x4  
  88  7:02  Siege Tank  
  83  7:09  SCV  
  83  7:11  Marine  
  83  7:12  Orbital Command  
  83  7:13  SCV  
  86  7:17  Marine x4  
  86  7:21  SCV  
  86  7:22  Barracks Reactor x2  
  91  7:26  SCV  
  92  7:30  Marine  
  92  7:33  SCV  
  92  7:34  Siege Tank  
  92  7:35  Medivac, Marine x2  
  97  7:38  SCV x2  
  98  7:45  SCV  
  98  7:48  Medivac  
  98  7:49  Marine x2  
  98  7:50  SCV  
  98  7:51  SCV  
  105  7:55  Missile Turret  
  105  7:58  SCV  
  106  8:00  Supply Depot  
  106  8:02  SCV, Marine  
  106  8:03  SCV  
  109  8:07  Armory  
  109  8:16  Combat Shield  
  109  8:21  SCV x3, Siege Tank, Marine x2  
  109  8:23  Supply Depot  
  117  8:34  SCV  
  117  8:35  SCV  
  117  8:36  SCV, Medivac  
  117  8:38  Marine  
  117  8:39  Marine  
  117  8:41  Marine x4  
  113  8:42  Marine x3  
  113  8:46  Medivac  
  113  8:47  SCV x2  
  116  8:55  Marine  
  116  8:56  Marine  
  116  8:58  Marine  
  116  8:59  Command Center, Marine  
  116  9:01  Supply Depot  
  116  9:02  Siege Tank  
  123  9:03  Supply Depot  
  123  9:06  Medivac  
  125  9:16  Marine  
  125  9:17  Marine x2  
  125  9:19  Supply Depot, Marine  
  125  9:20  Supply Depot  
  125  9:21  Medivac  
  125  9:23  Marine  
  125  9:24  Marine  
  126  9:26  Marine x2  
  126  9:30  Factory  
  128  9:34  Marine  
  128  9:35  Marine x3  
  128  9:36  Medivac  
  128  9:37  Marine  
  135  9:41  Marine x2  
  135  9:44  Marine x2  
  135  9:46  Refinery x2  
  135  9:52  Marine  
  129  9:53  Marine x3  
  129  9:55  Medivac  
  129  9:56  SCV  
  129  9:57  SCV  
  129  9:59  Marine x2  
  139  10:04  Marine  
  139  10:05  Medivac, Marine  
  143  10:08  Marine  
  143  10:10  Marine x4  
  140  10:17  Marine  
Tags
 
Add a new tag
Caveats
  • Supply blocks, unpowered buildings, or Contaminate may cause inaccurate times.
  • Supply counts are checked every 10 seconds.